 Dungeon Crawl Stone Soup version 0.27.1-3-gb3d3a73c9e (webtiles) character file.

Game seed: 14229070198004199329

40 Eitelfritz the Sneak (level 3, 0/20 HPs)
             Began as a Kobold Enchanter on Oct 12, 2021.
             Slain by an orc (19 damage)
             ... on level 4 of the Dungeon.
             The game lasted 00:03:55 (1814 turns).

Eitelfritz the Sneak (Kobold Enchanter)             Turns: 1814, Time: 00:03:56

Health: 0/20       AC:  4    Str:  6    XL:     3   Next: 72%
Magic:  2/6        EV: 15    Int: 16    God:
Gold:   71         SH:  0    Dex: 15    Spells: 4/7 levels left

rFire    . . .     SeeInvis .   a - +2 dagger (protect)
rCold    . . .     Faith    .   (shield restricted)
rNeg     . . .     Spirit   .   b - +0 robe
rPois    .         Reflect  .   j - +2 hat {Will+}
rElec    .         Harm     .   (no cloak)
rCorr    .         Rampage  .   (no gloves)
Will     +....                  (no boots)
Stlth    ++++......             (no amulet)
HPRegen  0.06/turn              (no ring)
MPRegen  0.10/turn              (no ring)

@: very slightly contaminated
A: small, no large weapons, nightstalker 3
a: no special abilities


You were on level 4 of the Dungeon.
You visited 1 branch of the dungeon, and saw 3 of its levels.

You collected 71 gold pieces.

Inventory:

Hand Weapons
 a - a +2 dagger of protection (weapon)
 f - a +1 dagger
Missiles
 i - 14 poisoned darts (quivered)
Armour
 b - a +0 robe (worn)
 j - a +2 hat of willpower (worn)
Scrolls
 c - 3 scrolls of teleportation {unknown}
 g - a scroll of enchant weapon {unknown}
Potions
 d - a potion of cancellation {unknown}
 e - a potion of resistance {unknown}
 h - a potion of haste {unknown}


   Skills:
 + Level 0.5 Fighting
 + Level 1.6 Short Blades
 + Level 2.4 Dodging
 + Level 5.2 Stealth
 + Level 2.5 Spellcasting
 + Level 3.2 Hexes
 + Level 0.4 Ice Magic


You had 4 spell levels left.
You knew the following spells:

 Your Spells              Type           Power      Damage    Failure   Level
a - Corona                Hex            13%        N/A       5%          1
b - Ensorcelled Hibernat  Hex/Ice        14%        N/A       14%         2

Your spell library contained the following spells:

 Spells                   Type           Power      Damage    Failure   Level
 Confusing Touch          Hex            12%        N/A       16%         3
 Tukima's Dance           Hex            12%        N/A       16%         3
 Dazzling Flash           Conj/Hex       14%        N/A       30%         3


Dungeon Overview and Level Annotations

Branches:
Dungeon (2/15)

Altars:
Elyvilon


Innate Abilities, Weirdness & Mutations

You are small and have problems with some larger weapons.
You are completely attuned to the shadows.


Message History

You see here a +2 hat of willpower.
j - a +2 hat of willpower You start putting on your armour.
You continue putting on your +2 hat of willpower. x4
You finish putting on your +2 hat of willpower.
You feel strong-willed.
c - 3 scrolls labelled YCKOXY SELEVEO (gained 1)
You now have 60 gold pieces (gained 12).
You now have 71 gold pieces (gained 11).
There is an open door here.
You see here a hobgoblin corpse.
You open the door.
An adder and a hobgoblin come into view.
The hobgoblin shouts!
You fall into a shaft and drop 2 floors!
The shaft crumbles and collapses.
An orc comes into view.
It is wielding a +2 short sword of distortion.
Found a fuming white potion.
Found a scroll labelled QEOMOG EMYWATZ.
Found a white marble altar of Elyvilon.
The orc shouts!
You hear a croak.
The orc misses you.
You barely miss the orc.
Casting: Ensorcelled Hibernation (safe; 14% risk of failure)
Confirm with . or Enter, or press ? or * to list all spells.
Aiming: Ensorcelled Hibernation (safe; 14% risk of failure)
Press: ? - help, Shift-Dir - straight line, f - orc
Aim: an orc, wielding a +2 short sword of distortion and wearing a +0 ring mail (chance to affect: 56%)
You miscast Ensorcelled Hibernation.
You are very lightly contaminated with residual magic.
Nothing appears to happen.
The orc completely misses you.
Casting: Ensorcelled Hibernation (safe; 14% risk of failure)
Confirm with . or Enter, or press ? or * to list all spells.
Aiming: Ensorcelled Hibernation (safe; 14% risk of failure)
Press: ? - help, Shift-Dir - straight line, f/p - orc
Aim: an orc, wielding a +2 short sword of distortion and wearing a +0 ring mail (chance to affect: 56%)
The orc resists with significant effort.
The orc hits you with a +2 short sword of distortion.
Space warps horribly around you!!
Ouch! That really hurt!
You die...

.. #.## .#
....##.#
...o.#.#
....@#.##
._......#
..?..#..#
.....#..#
....##....
.## #!#.##
..##.


You could see an orc.

Vanquished Creatures
  An adder (D:2)
  4 bats
  An endoplasm (D:1)
  2 giant cockroaches (D:1)
  3 goblins (D:1)
  6 hobgoblins
  A quokka (D:1)
  A ball python (D:2)
  5 frilled lizards
  3 kobolds
  3 rats
30 creatures vanquished.

Notes
Turn   | Place    | Note
-------+----------+-------------------------------------------
     0 | D:1      | Eitelfritz the Kobold Enchanter began the quest for the
                  | Orb.
     0 | D:1      | Reached XP level 1. HP: 10/10 MP: 3/3
   150 | D:1      | Reached XP level 2. HP: 6/15 MP: 5/5
   153 | D:1      | Learned a level 2 spell: Ensorcelled Hibernation
  1151 | D:1      | Reached XP level 3. HP: 15/20 MP: 1/6
  1599 | D:2      | Reached skill level 5 in Stealth
  1809 | D:2      | You fall into a shaft and drop 2 floors!
  1810 | D:4      | Found a white marble altar of Elyvilon.
  1814 | D:4      | Slain by an orc

Illustrated notes

Levels and vault maps discovered:
D:1:      elethiomel_arrival_fortress_basement, layout_loops_ring, st_stairs_9
D:2:      minmay_chambers_of_twos, layout_rooms,
          minmay_fractal_squares_gapless_5
D:4:      layout_loops_corners, old_standard_altar, nicolae_uskayaw_suspiria,
          serial_shops, nicolae_shop_statue_plus, minmay_hedge_maze,
          minmay_misc_feat_tiny, uniq_natasha

Skill      XL: |  1  2  3 |
---------------+----------+-----
Stealth        | 5 |  5.2
Fighting       | |  0.5
Short Blades   | |  1.6
Dodging        | |  2.4
Spellcasting   | |  2.5
Hexes          | |  3.2
Ice Magic      | |  0.4

Action                   || total
-------------------------++-------
Melee: Dagger            ||    89
 Cast: Ensorcelled Hiber ||    18
 Stab: Sleeping          ||    23
Armor: Robe              ||    17
Dodge: Dodged            ||    60
